 Dungeon Crawl Stone Soup version 0.29.1-1-gd02db6906a (webtiles) character file.

Game seed: 2176214924286679557

82 lmSkywalker the Trooper (level 4, -3/49 HPs)
             Began as an Ogre Cinder Acolyte on Sept 17, 2022.
             Was a High Priest of Ignis.
             Succumbed to an orc's poison
             ... on level 3 of the Dungeon.
             The game lasted 00:08:26 (3231 turns).

lmSkywalker the Trooper (Ogre Cinder Acolyte)       Turns: 3231, Time: 00:08:26

Health: -3/49      AC:  3    Str: 18    XL:     4   Next: 43%
Magic:  2/7        EV:  9    Int: 17    God:    Ignis [*****.]
Gold:   89         SH:  0    Dex:  4    Spells: 5/7 levels left

rFire   + + .      SeeInvis .   m - staff of fire
rCold   . . .      Faith    .   (no shield)
rNeg    . . .      Spirit   .   b - +0 robe
rPois   .          Reflect  .   (helmet restricted)
rElec   .          Harm     .   (no cloak)
rCorr   .          Rampage  .   (gloves unavailable)
Will    .....                   (boots unavailable)
Stlth   +.........              (no amulet)
HPRegen 0.16/turn               (no ring)
MPRegen 0.10/turn               (no ring)

@: lethally poisoned (-3 -> -29), attractive
A: large, unfitting armour, tough skin 1
a: Renounce Religion, Fiery Armour, Foxfire Swarm, Rising Flame


You were on level 3 of the Dungeon.
You worshipped Ignis.
Ignis was extremely pleased with you.
You visited 1 branch of the dungeon, and saw 3 of its levels.

You collected 89 gold pieces.

Inventory:

Hand Weapons
 a - a -1 mace of flaming
Missiles
 l - a throwing net
 o - 5 poisoned darts
Armour
 b - a +0 robe (worn)
Magical Staves
 m - a staff of fire (weapon)
Jewellery
 p - an amulet of regeneration
Scrolls
 d - a scroll of enchant weapon {unknown}
 e - a scroll of immolation {unknown}
 h - a scroll of fear {unknown}
 i - a scroll of summoning {unknown}
 j - a scroll of teleportation {unknown}
 k - 2 scrolls of identify {unknown}
 n - a scroll of vulnerability {unknown}
 q - 2 scrolls of noise {unknown}
Potions
 f - a potion of heal wounds {unknown}
 g - a potion of mutation {unknown}
 r - a potion of flight {unknown}


   Skills:
 + Level 4.4 Fighting
 - Level 3.7(3.8) Maces & Flails
 + Level 1.0(2.7) Staves
 + Level 2.2 Spellcasting
 + Level 2.9 Fire Magic


You had 5 spell levels left.
You knew the following spells:

 Your Spells              Type           Power      Damage    Failure   Level
a - Scorch                Fire           36%        2d7       9%          2

Your spell library contained the following spells:

 Spells                   Type           Power      Damage    Failure   Level
 Summon Guardian Golem    Hex/Summ       1%         N/A       50%         3
 Orb of Destruction       Conj           0%         9d5       100%        7
 Spellforged Servitor     Conj/Summ      0%         N/A       100%        7


Dungeon Overview and Level Annotations

Branches:
Dungeon (3/15)

Altars:
Dithmenos
Qazlal


Innate Abilities, Weirdness & Mutations

You are too large for most types of armour.
You have tough skin. (AC +1)


Message History

The orc is moderately wounded.
The orc's fire resistance burns away.
You hit the orc.
The orc is almost dead.
The orc hits you with a +1 falchion of venom.
You are poisoned.
You hit the orc but do no damage.
The orc is almost dead.
You feel very sick.
The orc is no longer more vulnerable to fire.
The orc hits you with a +1 falchion of venom.
You are more poisoned.
You closely miss the orc.
The orc is almost dead.
You feel very sick.
You barely miss the orc.
The orc is almost dead.
You feel very sick.
The orc hits you with a +1 falchion of venom!
You are lethally poisoned!
* * * LOW HITPOINT WARNING * * *
You feel very sick. The orc closely misses you.
Your magical contamination has completely faded away.
Casting: Scorch (safe; 9% risk of failure)
Confirm with . or Enter, or press ? or * to list all spells.
You feel a surge of power!
Flames lash the orc but do no damage.
* * * LOW HITPOINT WARNING * * *
You feel very sick.
The orc hits you with a +1 falchion of venom.
* * * LOW HITPOINT WARNING * * *
You are more poisoned.
The orc hits you with a +0 mace.
* * * LOW HITPOINT WARNING * * *
Casting: Scorch (safe; 9% risk of failure)
Confirm with . or Enter, or press ? or * to list all spells.
You don't have enough magic to cast this spell.
It was a potion of attraction.
You feel attractive to monsters.
You die...

.....###.+
..'......
#.##...>.#
.........
#.#####.##
..≈≈≈≈≈≈≈ #.# #.#
#.≈...... #.# #.#
#.≈.≈≈≈≈≈ #.# #.#
#.≈.≈.._≈ #.# #.#
#o≈.≈!≈≈≈ #.# #.#
#oo.≈.... #.# #.#
#@≈≈≈≈≈≈≈ #.# #.#
#.≈.....≈ #.# #.#
##.≈.≈≈≈.≈ #.# #.#
##..≈.≈_..≈ #.#
#.# ##...≈.≈≈≈≈≈
#.#
#.#####..#.≈......
#.#
#........).≈≈≈≈≈≈≈
#.#
######.###........
#.# #......######


You could see 3 orcs.

Vanquished Creatures
  3 adders
  A worm (D:2)
  2 dart slugs
  8 endoplasms
  3 giant cockroaches
  5 goblins
  4 hobgoblins (D:1)
  2 quokkas
  6 ball pythons
  4 bats
  2 frilled lizards (D:1)
  3 kobolds
  4 rats
47 creatures vanquished.

Vanquished Creatures (others)
  2 plants (D:1)
2 creatures vanquished.

Grand Total: 49 creatures vanquished

Notes
Turn   | Place    | Note
-------+----------+-------------------------------------------
     0 | D:1      | lmSkywalker the Ogre Cinder Acolyte began the quest for the
                  | Orb.
     0 | D:1      | Reached XP level 1. HP: 24/24 MP: 2/2
   468 | D:1      | Reached XP level 2. HP: 31/32 MP: 3/3
  1545 | D:1      | Learned a level 2 spell: Scorch
  1582 | D:2      | Reached XP level 3. HP: 37/39 MP: 4/4
  2543 | D:2      | Reached XP level 4. HP: 34/48 MP: 4/7
  3007 | D:3      | Reached skill level 1 in Staves
  3209 | D:3      | Found a stormy altar of Qazlal.
  3214 | D:3      | Found a shadowy altar of Dithmenos.
  3230 | D:3      | HP: 2/49 [orc/+0 mace (5)]
  3231 | D:3      | Succumbed to an orc's poison

Illustrated notes

Levels and vault maps discovered:
D:1:      dpeg_arrival_ternary, layout_basic, serial_bayou, serial_bayou_pond_d,
          serial_bayou_crossing, serial_bayou_shore_a, serial_bayou_shore_b,
          serial_bayou_lake_a, minmay_tiny_reverse_x
D:2:      layout_rooms
D:3:      layout_basic, mainiacjoe_overflow_catwalk_spiral,
          mrwooster_statue_mirror

Skill      XL: |  1  2  3  4 |
---------------+-------------+-----
Maces & Flails | 3 |  3.7
Spellcasting   | 2 |  2.2
Staves         | 1 |  1.0
Fighting       | |  4.4
Fire Magic     | |  2.9

Action                   |  1- 3 |  4- 6 || total
-------------------------+-------+-------++-------
Melee: Mace              |    52 |       ||    52
       Staff             |    91 |    15 ||   106
       Punch             |     1 |       ||     1
 Cast: Scorch            |     6 |     8 ||    14
Invok: Fiery Armour      |     1 |       ||     1
  Use: Potion            |       |     1 ||     1
Armor: Robe              |    45 |     1 ||    46
Dodge: Dodged            |    74 |     8 ||    82
